 Dungeon Crawl Stone Soup version 0.25-a0-516-g7d600cd9ad (webtiles) character file.

Game seed: 10782691119403152128, levelgen mode: deterministic

2492 Notrik the Cleaver (level 9, -16/82 HPs)
             Began as a Hill Orc Fighter on Feb 17, 2020.
             Was an Initiate of Okawaru.
             Demolished by a large abomination (29 damage)
             ... on level 2 of the Abyss.
             The game lasted 00:11:16 (5023 turns).

Notrik the Cleaver (Hill Orc Fighter)               Turns: 5023, Time: 00:11:17

Health: -16/82     AC: 18    Str: 22    XL:     9   Next: 52%
Magic:  9/9        EV:  5    Int:  8    God:    Okawaru [......]
Gold:   441        SH: 11    Dex: 10    Spells: 8/8 levels left

rFire    . . .     SeeInvis +   q - +3 war axe (freeze)
rCold    . . .     Gourm    .   c - +0 kite shield
rNeg     . . .     Faith    .   y - +0 plate armour
rPois    .         Spirit   .   l - +1 helmet {SInv}
rElec    .         Reflect  .   (no cloak)
rCorr    .         Harm     .   z - +0 pair of gloves
MR       .....                  B - +0 pair of boots
Stlth    ..........             (no amulet)
HPRegen  0.23/turn              f - ring of stealth
MPRegen  0.11/turn              (no ring)

@: no status effects
A: no striking features
a: Renounce Religion


You were on level 2 of the Abyss.
You worshipped Okawaru.
Okawaru was noncommittal.
You were not hungry.

You visited 2 branches of the dungeon, and saw 7 of its levels.
You visited the Abyss 1 time.

You collected 441 gold pieces.

Inventory:

Hand Weapons
 q - a +3 war axe of freezing (weapon)
   (You found it on level 2 of the Dungeon)
Missiles
 r - a throwing net (quivered) {!f}
Armour
 c - a +0 kite shield (worn)
 l - a +1 helmet of see invisible (worn)
   (You found it on level 1 of the Dungeon)
 y - a +0 plate armour (worn)
   (You found it on level 3 of the Dungeon)
 z - a +0 pair of gloves (worn)
   (You found it on level 5 of the Dungeon)
 B - a +0 pair of boots (worn)
   (You found it on level 5 of the Dungeon)
Jewellery
 f - a ring of stealth (left hand)
   (You found it on level 1 of the Dungeon)
 E - a cursed amulet of the gourmand
   (You found it on level 6 of the Dungeon)
Wands
 v - a wand of digging (6)
   (You took it off Ijyb on level 3 of the Dungeon)
 C - a wand of clouds (5)
   (You found it on level 5 of the Dungeon)
Scrolls
 b - a scroll of fear {unknown}
 h - a scroll of random uselessness {unknown}
 j - 3 scrolls of fog {unknown}
 m - 3 scrolls of enchant weapon {unknown}
 p - 2 scrolls of enchant armour {unknown}
 s - 7 scrolls of identify {@r1}
 t - 5 scrolls of remove curse {@r2}
 x - a scroll of amnesia {unknown}
 A - a scroll of noise {unknown}
 F - a scroll of teleportation {unknown}
Potions
 d - 2 potions of might
 g - a potion of flight {unknown}
 i - 2 potions of cancellation {unknown}
 k - 9 potions of curing {unknown}
 n - 2 potions of lignification {unknown}
 o - 2 potions of mutation {unknown}
 u - 4 potions of heal wounds {unknown}
 w - a potion of ambrosia {unknown}
 D - a potion of brilliance {unknown}
Comestibles
 e - 8 rations {!d}


   Skills:
 + Level 8.3 Fighting
 + Level 8.7 Axes
 + Level 7.6 Armour
 + Level 7.6 Shields


You had 8 spell levels left.
You didn't know any spells.
Your spell library contained the following spells:

 Spells                   Type           Power        Failure   Level  Hunger
 Magic Dart               Conj           #...         100%        1    ##.....
 Blink                    Tloc           N/A          100%        2    ###....
 Call Imp                 Summ           #.......     100%        2    ###....
 Slow                     Hex            #.......     100%        2    ###....
 Conjure Flame            Conj/Fire      #.......     100%        3    ####...
 Mephitic Cloud           Conj/Pois/Air  #.......     100%        3    ####...


Dungeon Overview and Level Annotations

Branches:
Dungeon (6/15)             Temple (1/1) D:6

Altars:
Ashenzari
Cheibriados
Fedhas
Gozag
Hepliaklqana
Kikubaaqudgha
Makhleb
Okawaru
Qazlal
Ru
Sif Muna
Trog
Uskayaw
Vehumet
Wu Jian
Yredelemnul
Zin

Annotations:
D:6 Duvessa


Message History

You start resting.
A thrashing horror comes into view.
The thrashing horror roars!
Found a scroll of identify.
s - 7 scrolls of identify {@r1} (gained 1)
You start resting.
A small abomination comes into view.
A small abomination is nearby!
Unknown command.
The small abomination hits you but does no damage.
You hit the small abomination. You freeze the small abomination.
The small abomination barely misses you.
You slash the small abomination! You freeze the small abomination.
The small abomination hits you but does no damage.
You slash the small abomination! You freeze the small abomination.
The small abomination hits you!
You hit the small abomination but do no damage.
The small abomination hits you.
You hit the small abomination. You freeze the small abomination.
You destroy the small abomination!
Okawaru accepts your kill.
No target in view!
No target in view!
You start resting.
A large abomination comes into view.
You slash the large abomination! You freeze the large abomination.
The large abomination hits you!!
* * * LOW HITPOINT WARNING * * *
You slash the large abomination! You freeze the large abomination.
You block the large abomination's attack.
You slash the large abomination! You freeze the large abomination.
The large abomination hits you.
* * * LOW HITPOINT WARNING * * *
You barely miss the large abomination.
You hit the large abomination but do no damage.
You block the large abomination's attack.
A spatial vortex comes into view.
You hit the large abomination but do no damage.
The large abomination hits you but does no damage.
You hit the large abomination but do no damage.
The large abomination hits you!!
* * * LOW HITPOINT WARNING * * *
You hit the large abomination. You freeze the large abomination.
A harpy skeleton comes into view.
You block the large abomination's attack.
You hit the large abomination but do no damage.
The large abomination hits you but does no damage.
You hit the large abomination but do no damage.
The large abomination hits you!!
You die...

.. #
###.
#. # .
# #..
### #
# #.
... #.
v... .
.#...#
.
##XZ.#
# #@#
.. .
### .
.


You could see a spatial vortex, a large abomination and a harpy skeleton.

Vanquished Creatures
  Prince Ribbit (D:6)
  A small abomination (Abyss:2)
  An orc warrior (D:6)
  3 phantoms
  Blork the orc (D:6)
  4 scorpions
  Dowan (D:6)
  5 wights (D:6)
  A howler monkey (D:4)
  5 crimson imps
  A bullfrog zombie (D:3)
  A gnoll shaman (D:3)
  4 orc priests
  4 hounds
  3 iguanas
  Ijyb (D:3)
  8 orc wizards
  4 worker ants
  A hound skeleton (D:5)
  A worker ant zombie (D:5)
  6 gnolls
  18 adders
  3 oozes
  A worm (D:3)
  4 dart slugs
  4 leopard geckos
  32 orcs
  5 ball pythons
  10 bats
  4 giant cockroaches
  7 goblins
  4 hobgoblins
  7 jackals (D:1)
  12 kobolds
  4 quokkas
  8 frilled lizards
  A leopard gecko skeleton (D:5)
  A quokka zombie (D:6)
  7 rats
189 creatures vanquished.

Notes
Turn   | Place    | Note
-------+----------+-------------------------------------------
     0 | D:1      | Notrik the Hill Orc Fighter began the quest for the Orb.
     0 | D:1      | Reached XP level 1. HP: 19/19 MP: 1/1
    24 | D:1      | Reached XP level 2. HP: 27/27 MP: 2/2
   146 | D:1      | Reached XP level 3. HP: 33/33 MP: 3/3
   504 | D:2      | Found a hide-covered altar of Uskayaw.
   522 | D:2      | Found a radiant altar of Vehumet.
   530 | D:2      | Found a stormy altar of Qazlal.
   711 | D:2      | You fall into a shaft and drop 2 floors!
   715 | D:4      | Reached XP level 4. HP: 40/40 MP: 4/4
   770 | D:3      | Noticed Ijyb
   800 | D:3      | Killed Ijyb
   962 | D:3      | Reached XP level 5. HP: 47/47 MP: 5/5
  1017 | D:3      | Reached XP level 6. HP: 33/55 MP: 6/6
  1024 | D:3      | Reached skill level 5 in Fighting
  1467 | D:3      | Reached skill level 5 in Axes
  1617 | D:3      | Reached skill level 5 in Shields
  1862 | D:4      | Noticed a phantom
  1876 | D:4      | Killed a phantom
  1876 | D:4      | Reached skill level 5 in Armour
  1876 | D:4      | Reached XP level 7. HP: 36/61 MP: 7/7
  2511 | D:5      | Entered Level 5 of the Dungeon
  2514 | D:5      | Reached XP level 8. HP: 71/71 MP: 8/8
  3311 | D:6      | Found a staircase to the Ecumenical Temple.
  3322 | D:6      | Reached XP level 9. HP: 77/79 MP: 9/9
  3375 | Temple   | Entered the Ecumenical Temple
  3490 | Temple   | Became a worshipper of Warmaster Okawaru
  3627 | D:6      | Found a stormy altar of Qazlal.
  4135 | D:6      | Noticed Blork the orc
  4146 | D:6      | Killed Blork the orc
  4345 | D:6      | Noticed Duvessa
  4345 | D:6      | Noticed Dowan
  4347 | D:6      | Killed Dowan
  4364 | D:6      | Noticed Prince Ribbit
  4383 | D:6      | Killed Prince Ribbit
  4742 | D:6      | Cast into level 1 of the Abyss (Duvessa)
  4801 | Abyss:1  | Noticed a spatial maelstrom
  4870 | Abyss:2  | Noticed a thrashing horror
  5023 | Abyss:2  | Demolished by a large abomination

Levels and vault maps discovered:
D:1:      scummos_arrival_star, layout_basic
D:2:      layout_basic, lemuel_doored_altar, fiery_altar_vehumet,
          nicolae_overflow_crystal_walls
D:3:      layout_basic, first_ration, minmay_misc_feat_rugged,
          minmay_increasing_density, uniq_ijyb
D:4:      layout_rooms
D:5:      minmay_thinvault, layout_rooms
D:6:      layout_loops_ring, minmay_temple_entry_slanted, grunt_qazlal_clouds,
          uniq_duvessa, uniq_blork_the_orc, uniq_prince_ribbit1
Temple:   jpeg_temple_clearing
Abyss:2:  base:
D:2

Skill      XL: |  1  2  3  4  5  6  7  8  9 |
---------------+----------------------------+-----
Axes           | 3 4 5 6 7 8 |  8.7
Fighting       | 4 5 6 7 8 |  8.3
Armour         | 4 5 6 7 |  7.6
Shields        | 4 5 6 7 |  7.6

Action                   |  1- 3 |  4- 6 |  7- 9 || total
-------------------------+-------+-------+-------++-------
Melee: War axe           |    95 |   120 |   287 ||   502
  Use: Scroll            |       |     2 |     1 ||     3
  Eat: Chunk             |       |     4 |     5 ||     9
       Ration            |       |       |     2 ||     2
Armor: Scale mail        |    54 |    43 |       ||    97
       Plate armour      |       |     5 |   156 ||   161
Dodge: Dodged            |    36 |    36 |    36 ||   108
Block: Kite shield       |    56 |    45 |   116 ||   217

Table legend:
 A = Non-vault XP
 B = Vault XP
 C = Vault XP percentage of total XP
 D = Non-vault monster count
 E = Vault monster count
 F = Vault count percentage of total count
                 A         B        C        D         E       F
            +---------+---------+-------+---------+---------+-------
      Total |    2679 |     881 |  24.7 |     162 |      27 |  14.3
            +---------+---------+-------+---------+---------+-------
        D:1 |      68 |       0 |   0.0 |      34 |       0 |   0.0
        D:2 |       8 |       0 |   0.0 |       5 |       0 |   0.0
        D:3 |     425 |      62 |  12.7 |      51 |      10 |  16.4
        D:4 |     588 |       0 |   0.0 |      26 |       0 |   0.0
        D:5 |     774 |     395 |  33.8 |      24 |      14 |  36.8
        D:6 |     662 |     424 |  39.0 |      21 |       3 |  12.5
    Abyss:2 |     154 |       0 |   0.0 |       1 |       0 |   0.0
            +---------+---------+-------+---------+---------+-------
